 Dungeon Crawl Stone Soup version 0.25.0-46-gbd7b0854d2 (webtiles) character file.

Game seed: 5976356370244321986

78 Ethylacetat the Gusty (level 4, 0/27 HPs)
             Began as an Octopode Air Elementalist on July 15, 2020.
             Slain by a gnoll (8 damage)
             ... on level 1 of the Dungeon.
             The game lasted 00:04:26 (1349 turns).

Ethylacetat the Gusty (Octopode Air Elementalist)   Turns: 1349, Time: 00:04:26

Health: 0/27       AC:  1    Str:  7    XL:     4   Next: 36%
Magic:  2/7        EV: 13    Int: 18    God:
Gold:   59         SH:  0    Dex: 12    Spells: 7/8 levels left

rFire    . . .     SeeInvis .   e - +0 dagger
rCold    . . .     Gourm    .   (no shield)
rNeg     . . .     Faith    .   (helmet restricted)
rPois    .         Spirit   .   (no amulet)
rElec    .         Reflect  .   (no ring)
rCorr    .         Harm     .   (no ring)
MR       .....                  (no ring)
Stlth    +++.......             (no ring)
HPRegen  0.09/turn              (no ring)
MPRegen  0.10/turn              (no ring)
                                (no ring)
                                (no ring)

@: no status effects
A: almost no armour, stealthy swim, amphibious, 8 rings, constrict 8, camouflage
1, gelatinous body 1
a: no special abilities


You were on level 1 of the Dungeon.
You were not hungry.

You visited 1 branch of the dungeon, and saw 2 of its levels.

You collected 59 gold pieces.

Inventory:

Hand Weapons
 e - a +0 dagger (weapon)
Scrolls
 a - a scroll of fear {unknown}
 c - a scroll of remove curse {unknown}
 f - a scroll of immolation {unknown}
 h - a scroll of identify {unknown}
Potions
 g - a potion of curing {unknown}
Comestibles
 b - 5 rations


   Skills:
 - Level 2.0 Dodging
 - Level 2.6 Stealth
 + Level 2.5 Spellcasting
 * Level 2.6 Conjurations
 * Level 3.9 Air Magic


You had 7 spell levels left.
You knew the following spells:

 Your Spells              Type           Power        Failure   Level  Hunger
a - Shock                 Conj/Air       ##..         4%          1    #......

Your spell library contained the following spells:

 Spells                   Type           Power        Failure   Level  Hunger
 Swiftness                Chrm/Air       #.......     12%         2    ##.....
 Static Discharge         Conj/Air       ##......     13%         3    ###....
 Airstrike                Air            ###.......   34%         4    #####..
 Lightning Bolt           Conj/Air       ##........   77%         5    ######.


Dungeon Overview and Level Annotations

Branches:
Dungeon (2/15)

Altars:


Innate Abilities, Weirdness & Mutations

You cannot wear most types of armour.
You are very stealthy in the water. (Stealth+)
You are amphibious.
You can wear up to eight rings at the same time.
You can use your tentacles to constrict eight enemies at once.
Your skin changes colour to match your surroundings (Stealth+).
Your rubbery body absorbs attacks. (AC +1, EV +1)


Message History

The gnoll misses you.
You climb upwards.
There is a stone staircase leading down here.
Casting: Shock (safe; 4% risk of failure)
Confirm with . or Enter, or press ? or * to list all spells.
Aiming: Shock (safe; 4% risk of failure)
Press: ? - help, Shift-Dir - straight line The zap hits the gnoll.
The gnoll is lightly wounded.
The zap hits the gnoll but does no damage.
The gnoll is lightly wounded.
The gnoll closely misses you.
Casting: Shock (safe; 4% risk of failure)
Confirm with . or Enter, or press ? or * to list all spells.
Aiming: Shock (safe; 4% risk of failure)
Press: ? - help, Shift-Dir - straight line The zap misses the gnoll.
The zap hits the gnoll.
The gnoll is moderately wounded.
The gnoll hits you!
You die...

#..#.###.#####.####.
#..#..รท......#....##
#..####........##... #..#
##......#####. #..#
##....## ##. #.##
##.....# ##..
#.#####>.....####...
#.g.##..#....##....#
#.#@....#######.##.#
#####.####..# ####)##.#
#.....).....## #........
#..>.........###........
##.....................#)
#..............##......#.
##.........##..#.......#.
#.........###.........#.
#.........# #..########.


You could see a gnoll.

Vanquished Creatures
  2 adders (D:2)
  A gnoll (D:2)
  An ooze (D:1)
  A dart slug (D:1)
  A leopard gecko (D:1)
  3 bats (D:1)
  2 giant cockroaches (D:1)
  3 goblins
  7 hobgoblins
  11 jackals
  A frilled lizard (D:1)
  A kobold (D:1)
  5 rats
39 creatures vanquished.

Notes
Turn   | Place    | Note
-------+----------+-------------------------------------------
     0 | D:1      | Ethylacetat the Octopode Air Elementalist began the quest
                  | for the Orb.
     0 | D:1      | Reached XP level 1. HP: 11/11 MP: 3/3
   162 | D:1      | Reached XP level 2. HP: 15/17 MP: 0/5
   590 | D:1      | Reached XP level 3. HP: 15/21 MP: 2/6
  1060 | D:2      | Reached XP level 4. HP: 13/27 MP: 0/7
  1349 | D:1      | Slain by a gnoll

Illustrated notes

Levels and vault maps discovered:
D:1:      dpeg_arrival_windows_large_door, layout_rooms
D:2:      layout_loops_ring, marbit_many_paths

Skill      XL: |  1  2  3 |
---------------+----------+-----
Conjurations   | 2 |  2.6
Dodging        | |  2.0
Stealth        | |  2.6
Spellcasting   | |  2.5
Air Magic      | |  3.9

Action                   |  1- 3 |  4- 6 || total
-------------------------+-------+-------++-------
Melee: Unarmed           |    16 |       ||    16
       Constrict         |    15 |     2 ||    17
       Tentacles         |    10 |     2 ||    12
       Dagger            |    25 |     7 ||    32
 Cast: Shock             |    45 |     8 ||    53
  Eat: Chunk             |     1 |     1 ||     2
Armor: Skin              |     3 |     1 ||     4
Dodge: Dodged            |    27 |     5 ||    32
